 Dungeon Crawl Stone Soup version 0.29.1-15-g9cfb28693d (webtiles) character file.

Game seed: 10992106944074805617

1285 croobank the Covert (level 8, -2/57 HPs)
             Began as an Octopode Delver on Feb 25, 2023.
             Slain by a sky beast (5 damage)
             ... on level 6 of the Dungeon.
             The game lasted 00:21:18 (6098 turns).

croobank the Covert (Octopode Delver)               Turns: 6098, Time: 00:21:19

Health: -2/57      AC:  1    Str: 11    XL:     8   Next: 55%
Magic:  17/17      EV: 15    Int: 15    God:
Gold:   85         SH:  0    Dex: 13    Spells: 7/7 levels left

rFire   + . .      SeeInvis .   a - +0 hand axe (chaos)
rCold   . . .      Faith    .   (no shield)
rNeg    . . .      Spirit   .   (helmet restricted)
rPois   .          Reflect  .   d - amulet of regeneration
rElec   .          Harm     .   o - ring of resist corrosion
rCorr   +          Rampage  .   t - ring of protection from fire
Will    .....                   v - ring of magical power
Stlth   +++++.....              (no ring)
HPRegen 0.99/turn               (no ring)
MPRegen 0.15/turn               (no ring)
                                (no ring)
                                (no ring)

@: no status effects
A: almost no armour, amphibious, 8 rings, camouflage 1, gelatinous body 1,
(nimble swimmer 1), tentacles
a: no special abilities


You were on level 6 of the Dungeon.
You visited 2 branches of the dungeon, and saw 8 of its levels.

You collected 316 gold pieces.
You spent 231 gold pieces at shops.

Inventory:

Hand Weapons
 a - a +0 hand axe of chaos (weapon)
 c - a +0 dagger of holy wrath
 s - a +0 dagger
 B - the +8 glaive "Gomn" {vorpal, rC+}
   (You found it on level 4 of the Dungeon)

   It inflicts extra damage upon your enemies.
   rC:        It protects you from cold.
 E - a +0 sling
Missiles
 i - 4 boomerangs (quivered)
 k - 7 poisoned darts
 p - 5 javelins
Armour
 K - a +0 kite shield
Magical Staves
 r - a staff of conjuration
Jewellery
 d - an amulet of regeneration (around mantle)
 o - a ring of resist corrosion (left tentacle)
 t - a ring of protection from fire (right tentacle)
 v - a ring of magical power (on tentacle)
 C - an amulet of magic regeneration
 J - a ring of protection from fire
 N - an amulet of faith
Wands
 f - a wand of digging (16)
 y - a wand of iceblast (7)
 G - a wand of flame (2)
Scrolls
 b - a scroll of fog
 g - a scroll of vulnerability
 j - a scroll of torment
 m - a scroll of silence
 q - 2 scrolls of enchant armour
 w - 3 scrolls of teleportation
 F - 2 scrolls of blinking
 H - 2 scrolls of identify
 I - a scroll of magic mapping
Potions
 e - a potion of haste
 h - a potion of attraction {unknown}
 l - 2 potions of might
 n - a potion of lignification {unknown}
 u - 3 potions of mutation
 x - 2 potions of magic
 z - 2 potions of ambrosia
 A - a potion of brilliance
 D - 2 potions of invisibility {unknown}
 L - a potion of heal wounds
 M - a potion of curing


   Skills:
 + Level 5.8 Fighting
 + Level 5.3 Axes
 + Level 5.3 Dodging
 + Level 9.8 Stealth


You had 7 spell levels left.
You didn't know any spells.
Your spell library contained the following spells:

 Spells                   Type           Power      Damage    Failure   Level
 Gell's Gravitas          Tloc           0%         N/A       63%         3
 Teleport Other           Tloc           0%         N/A       63%         3
 Dispersal                Tloc           0%         N/A       100%        6


Dungeon Overview and Level Annotations

Branches:
Dungeon (7/15)             Temple (1/1) D:4

Altars:
Ashenzari
Cheibriados
Dithmenos
Elyvilon
Fedhas
Hepliaklqana
Kikubaaqudgha
Makhleb
Nemelex Xobeh
Okawaru
Sif Muna
Vehumet
Wu Jian
Yredelemnul

Shops:
D:2 [   D:6 [=!(!


Innate Abilities, Weirdness & Mutations

You cannot wear most types of armour.
You are amphibious.
You can wear up to eight rings at the same time.
Your skin changes colour to match your surroundings (Stealth+).
Your rubbery body absorbs attacks. (AC +1, EV +1)
((You are camouflaged when in or above water. (Stealth+)))
You have tentacles for arms and can constrict up to eight enemies at once.


Message History

You can access your shopping list by pressing '$'.
Found Roemy's Weapon Boutique.
There is an entrance to Roemy's Weapon Boutique here.
You can access your shopping list by pressing '$'.
You can access your shopping list by pressing '$'.
There is an entrance to Rixovuqa's Distillery here.
l - 2 potions of might (gained 1) Thank you for shopping at Rixovuqa's Distillery!
You can access your shopping list by pressing '$'.
Okay, then.
Okay, then.
As you read the scroll labelled DOARAPRIEWK, it crumbles to dust.
Magic quickly surges around you.
It was a scroll of vulnerability.
u - 3 potions of mutation (gained 2)
There is an entrance to Rixovuqa's Distillery here.
You feel your willpower return.
You barely miss the sky beast. Your squeeze misses the sky beast.
The sky beast flickers out of sight!
Deactivating autopickup; reactivate with Ctrl-A.
Something closely misses you.
No target in view!
No target in view!
You closely miss something. You squeeze something. Something hits you.
Something shocks you.
You closely miss something. You squeeze something. Something hits you.
Something shocks you.
You closely miss something. Something hits you. Something shocks you.
You miss something. Something hits you. Something shocks you.
You miss something. Your squeeze misses something. Something hits you.
Something shocks you.
* * * LOW HITPOINT WARNING * * *
You hit something but do no damage.
Nothing appears to happen.
Something hits you.
* * * LOW HITPOINT WARNING * * *
Something shocks you.
* * * LOW HITPOINT WARNING * * *
Something hits you.
* * * LOW HITPOINT WARNING * * *
Something shocks you.
You die...

....#...# ##..##...#........###
....#..## ##.......##.........#
....##..# #...##..###.....†...#
....##..####..#....#...........#
###..........................###
###...........[[.............#
#....#.#+#.................###
)...##≈#.≈...>..............###
.....###.≈≈#....@....)....#...#
.)...'..∩..'....{....##[.....#
.....#≈≈.###........####.##.##
.......≈.#≈........#####....#
.......#+###....##..#..†....#
..#...(..###.#####..........#
..##......##.###.....#...####
...##......#........##...#
...#...##..#.....#.......#


There were no monsters in sight!

Vanquished Creatures
  2 water moccasins
  A black bear (D:5)
  An ogre (D:4)
  A phantom (D:4)
  Blork the orc (D:6)
  2 necrophages
  A scorpion (D:6)
  6 killer bees (D:5)
  A howler monkey (D:6)
  A hound (D:5)
  An orc wizard (D:6)
  3 iguanas (D:5)
  5 adders
  A shadow imp (D:6)
  2 ufetubi
  2 dart slugs (D:1)
  A worm (D:3)
  8 orcs
  7 endoplasms
  4 giant cockroaches
  7 goblins
  6 hobgoblins
  5 kobolds
  2 quokkas
  6 ball pythons
  4 bats
  3 frilled lizards (D:1)
  2 orc zombies (D:4)
  4 rats
  A rat zombie (D:4)
  A spectral goblin (D:1)
92 creatures vanquished.

Vanquished Creatures (others)
  An adder (D:6)
1 creature vanquished.

Grand Total: 93 creatures vanquished

Notes
Turn   | Place    | Note
-------+----------+-------------------------------------------
     0 | D:5      | croobank the Octopode Delver began the quest for the Orb.
     0 | D:5      | Reached XP level 1. HP: 16/16 MP: 1/1
     1 | D:6      | Noticed an orc wizard
     1 | D:6      | Noticed a water moccasin
    23 | D:5      | Noticed a water moccasin
    52 | D:4      | Found a sand-covered staircase.
    87 | D:4      | Reached XP level 2. HP: 15/21 MP: 2/2
   330 | D:2      | Found Horosao's Armour Emporium.
   569 | D:1      | Reached XP level 3. HP: 26/26 MP: 3/3
   668 | D:2      | Reached skill level 7 in Stealth
   970 | D:1      | Found a faded altar of an unknown god.
  1868 | D:3      | Found a broken altar of Ashenzari.
  1870 | D:3      | Reached XP level 4. HP: 31/31 MP: 4/4
  2678 | D:4      | Identified the +8 glaive "Gomn" {vorpal, rC+}
  2969 | D:4      | Noticed an ogre
  2992 | D:4      | Killed an ogre
  2993 | D:4      | Reached XP level 5. HP: 17/37 MP: 5/5
  3235 | D:4      | Found a staircase to the Ecumenical Temple.
  3246 | Temple   | Entered the Ecumenical Temple
  3908 | D:5      | Noticed a phantom
  3927 | D:4      | Killed a phantom
  3928 | D:4      | Reached skill level 8 in Stealth
  3928 | D:4      | Reached XP level 6. HP: 43/43 MP: 6/6
  4378 | D:6      | Noticed a sky beast
  4408 | D:6      | Found Vehaduf's Armour Emporium.
  4724 | D:6      | You fall into a shaft and drop 1 floor!
  4996 | D:6      | Reached XP level 7. HP: 47/49 MP: 7/7
  5024 | D:6      | Found Tacas's Distillery.
  5057 | D:6      | Found Rixovuqa's Distillery.
  5061 | D:6      | Noticed Blork the orc
  5071 | D:6      | Killed Blork the orc
  5114 | D:6      | Reached skill level 5 in Fighting
  5331 | D:5      | Reached skill level 9 in Stealth
  5331 | D:5      | Reached XP level 8. HP: 55/55 MP: 8/8
  5601 | D:5      | Reached skill level 5 in Axes
  5601 | D:5      | Reached skill level 5 in Dodging
  5881 | D:6      | Bought a +0 kite shield for 67 gold pieces
  5971 | D:6      | Bought a potion of heal wounds for 75 gold pieces
  5971 | D:6      | Bought a potion of curing for 45 gold pieces
  6025 | D:6      | Found Simeghen's Jewellery Boutique.
  6040 | D:6      | Found Roemy's Weapon Boutique.
  6050 | D:6      | Bought a potion of might for 44 gold pieces
  6098 | D:6      | Slain by a sky beast

Illustrated notes

Levels and vault maps discovered:
D:1:      minmay_arrival_three_doors, layout_loops_ring,
          dreamdust_ecumenical_altar_drowned_temple
D:2:      layout_rooms, serial_shops, shop
D:3:      layout_basic, overflow_temple_1_default
D:4:      layout_loops_ring, minmay_temple_entry_nine_rooms, enter_ossuary_3
D:5:      layout_basic
D:6:      layout_cave_pools, serial_shops, nicolae_shop_advertising_works
          [nicolae_subvault_shop_adworks], shop, nicolae_shop_statue_plus,
          nicolae_shop_waterfront, nicolae_shop_hallway_plus, uniq_blork_the_orc
D:7:      cheibrodos_barr_body, layout_gridville, dancing_weapons_uskayaw,
          serial_glass, glass_columns_b, glass_columns_a, glass_columns_b,
          glass_columns_a, glass_columns_c, serial_shops, nicolae_square_shop,
          biasface_ghost_orc_armoury
Temple:   nicolae_temple_god_jail

Skill      XL: |  1  2  3  4  5  6  7  8 |
---------------+-------------------------+-----
Stealth        | 7 8 9 |  9.8
Axes           | 3 4 5 |  5.3
Dodging        | 3 4 5 |  5.3
Fighting       | 4 5 |  5.8

Action                   |  1- 3 |  4- 6 |  7- 9 || total
-------------------------+-------+-------+-------++-------
Melee: Hand axe          |    77 |    68 |    78 ||   223
       Tentacles         |    19 |    14 |    19 ||    52
       Constrict         |    18 |    10 |    14 ||    42
       Punch             |     3 |       |       ||     3
Throw: Boomerang         |     1 |    54 |       ||    55
Evoke: Wand              |       |     1 |    12 ||    13
  Use: Scroll            |     1 |    15 |     1 ||    17
       Potion            |       |     3 |       ||     3
 Stab: Sleeping          |    23 |     5 |       ||    28
       Distracted        |       |       |     1 ||     1
Armor: Skin              |     8 |     3 |     2 ||    13
Dodge: Dodged            |    40 |    49 |    54 ||   143
